 Dungeon Crawl Stone Soup version 0.27-a0-1332-g84bddb5ca7 (webtiles) character file.

Game seed: 3623442991621086121

82 ipx the Firebug (level 4, -1/24 HPs)
             Began as a Deep Elf Fire Elementalist on June 25, 2021.
             Engulfed by a steam dragon's steam (11 damage)
             ... on level 4 of the Dungeon.
             The game lasted 00:09:30 (908 turns).

ipx the Firebug (Deep Elf Fire Elementalist)         Turns: 908, Time: 00:09:30

Health: -1/24      AC:  2    Str:  5    XL:     4   Next: 21%
Magic:  2/10       EV: 12    Int: 21    God:
Gold:   106        SH:  0    Dex: 15    Spells: 4/9 levels left

rFire    . . .     SeeInvis .   (no weapon)
rCold    . . .     Faith    .   (no shield)
rNeg     . . .     Spirit   .   a - +0 robe
rPois    .         Reflect  .   (no helmet)
rElec    .         Harm     .   (no cloak)
rCorr    .         Rampage  .   (no gloves)
Will     .....                  (no boots)
Stlth    ++........             J - amulet of magic regeneration
HPRegen  0.08/turn              (no ring)
MPRegen  0.37/turn              (no ring)

@: no status effects
A: no striking features
a: no special abilities


You were on level 4 of the Dungeon.
You visited 1 branch of the dungeon, and saw 4 of its levels.

You collected 106 gold pieces.

Inventory:

Armour
 a - a +0 robe (worn)
Jewellery
 i - a ring of ice
 J - an amulet of magic regeneration (around neck)
Scrolls
 b - 2 scrolls of enchant armour {unknown}
 c - 2 scrolls of identify {unknown}
 d - a scroll of enchant weapon {unknown}
 f - 3 scrolls of blinking {unknown}
 g - a scroll of immolation {unknown}
Potions
 e - a potion of flight {unknown}


   Skills:
 - Level 2.4 Dodging
 + Level 3.3 Stealth
 - Level 3.0 Spellcasting
 * Level 3.4 Conjurations
 - Level 3.8 Fire Magic
 + Level 0.6 Air Magic


You had 4 spell levels left.
You knew the following spells:

 Your Spells              Type           Power      Damage    Failure   Level
c - Conjure Flame         Conj/Fire      18%        6-21      9%          3
x - Foxfire               Conj/Fire      72%        2x1d7     3%          1
z - Shock                 Conj/Air       44%        1d5       6%          1

Your spell library contained the following spells:

 Spells                   Type           Power      Damage    Failure   Level
 Static Discharge         Conj/Air       11%        N/A       9%          2
 Inner Flame              Hex/Fire       11%        N/A       19%         3
 Swiftness                Air            5%         N/A       30%         3
 Sticky Flame             Conj/Fire      18%        2d4       30%         4
 Airstrike                Air            2%         N/A       71%         4
 Fireball                 Conj/Fire      9%         3d6       63%         5
 Lightning Bolt           Conj/Air       5%         1d17      85%         5


Dungeon Overview and Level Annotations

Branches:
Dungeon (4/15)
 Temple: D:4-7

Altars:
Ru

Shops:
D:3 [[?


Message History

Casting: Foxfire (safe; 3% risk of failure)
Confirm with . or Enter, or press ? or * to list all spells.
You conjure some foxfire!
The foxfire hits the steam dragon.
The steam dragon is heavily wounded.
The foxfire hits the steam dragon.
The steam dragon is heavily wounded.
Casting: Foxfire (safe; 3% risk of failure)
Confirm with . or Enter, or press ? or * to list all spells.
You conjure some foxfire!
The foxfire hits the steam dragon.
The steam dragon is severely wounded.
The foxfire hits the steam dragon but does no damage.
The steam dragon is severely wounded.
The foxfire hits the steam dragon but does no damage.
The steam dragon is severely wounded.
The foxfire hits the steam dragon but does no damage.
The steam dragon is severely wounded.
Casting: Foxfire (safe; 3% risk of failure)
Confirm with . or Enter, or press ? or * to list all spells.
You conjure some foxfire!
The foxfire hits the steam dragon.
The steam dragon is severely wounded.
The foxfire hits the steam dragon.
The steam dragon is severely wounded.
Casting: Foxfire (safe; 3% risk of failure)
Confirm with . or Enter, or press ? or * to list all spells.
You conjure some foxfire!
The steam dragon closely misses you. The steam dragon misses you.
The foxfire hits the steam dragon.
The steam dragon is almost dead.
The foxfire hits the steam dragon but does no damage.
The steam dragon is almost dead.
The steam dragon breathes steam at you. The ball of steam hits you!
Ouch! That really hurt!
The steam dragon bites you. The steam dragon barely misses you.
Casting: Foxfire (safe; 3% risk of failure)
Confirm with . or Enter, or press ? or * to list all spells.
You conjure some foxfire!
You are engulfed in a cloud of scalding steam.
You die...

###### .... ..
.≈≈≈..# ..# ...
≈...≈..#..##...
≈._.≈...#.#...#
≈...≈..#.....
.≈≈≈..#...####
#######.....§§##
...........<§§§##
..##....†.v@D..#
#......#v...##
......##..#..###
...... #.##..#
..... ...##..
..... ...###...
.... ...## ##...
........ .# .....


You could see a steam dragon (catching breath, ally target).

Vanquished Creatures
  An iguana (D:4)
  2 adders
  An ufetubus (D:4)
  A worm (D:3)
  4 ball pythons
  4 bats
  An endoplasm (D:3)
  4 goblins
  4 hobgoblins
  2 quokkas
  2 frilled lizards
  3 kobolds
  2 rats
31 creatures vanquished.

Vanquished Creatures (others)
  98 foxfires
98 creatures vanquished.

Grand Total: 129 creatures vanquished

Notes
Turn   | Place    | Note
-------+----------+-------------------------------------------
     0 | D:1      | ipx the Deep Elf Fire Elementalist began the quest for the
                  | Orb.
     0 | D:1      | Reached XP level 1. HP: 10/10 MP: 6/6
   199 | D:2      | Reached XP level 2. HP: 15/15 MP: 5/8
   436 | D:3      | Reached XP level 3. HP: 19/19 MP: 7/9
   440 | D:3      | Learned a level 3 spell: Conjure Flame
   532 | D:3      | Found Caecaer's Antique Armour Boutique.
   763 | D:3      | Found a faded altar of an unknown god.
   776 | D:3      | Found Curuos's Magic Scroll Shoppe.
   794 | D:3      | Found Joull's Armour Shoppe.
   827 | D:3      | Learned a level 1 spell: Shock
   873 | D:4      | Found a sacrificial altar of Ru.
   885 | D:4      | Reached XP level 4. HP: 24/24 MP: 6/10
   887 | D:4      | Noticed a steam dragon
   908 | D:4      | Engulfed by a steam dragon's steam

Illustrated notes

Levels and vault maps discovered:
D:1:      dpeg_arrival_radiant, layout_loops_ring
D:2:      layout_rooms
D:3:      layout_basic, serial_shops, nicolae_shop_waterfront, shop,
          shop_fountains, hellmonk_ecumenical_altar_pennies_from_heaven,
          st_stairs_3
D:4:      layout_cave_pools, general_overflow_altar, nicolae_ru_awakened_eye,
          kennysheep_mini, kennysheep_little_box, serial_shops,
          nicolae_inconvenience_store, uniq_blork_the_orc, uniq_pikel,
          uniq_natasha, uniq_grinder

Skill      XL: |  1  2  3 |
---------------+----------+-----
Conjurations   | 2 3 |  3.4
Stealth        | 3 |  3.3
Dodging        | |  2.4
Spellcasting   | |  3.0
Fire Magic     | |  3.8
Air Magic      | |  0.6

Action                   |  1- 3 |  4- 6 || total
-------------------------+-------+-------++-------
 Cast: Foxfire           |    50 |    13 ||    63
       Shock             |     2 |       ||     2
Armor: Robe              |     1 |       ||     1
Dodge: Dodged            |     9 |     4 ||    13

Table legend: (Time is in decaauts)
 A = Elapsed time spent in this place.
 B = Non-inter-level travel time spent in this place.
 C = Inter-level travel time spent in this place.
 D = Time resting spent in this place.
 E = Time spent auto-exploring this place.
 F = Levels seen in this place.
 G = Mean time per level.
                   A        B        C        D        E       F      G
               +--------+--------+--------+--------+--------+-----+--------+
         Total |    912 |    912 |      0 |      0 |      0 |   4 |  228.0 |
       Dungeon |    912 |    912 |      0 |      0 |      0 |   4 |  228.0 |
               +--------+--------+--------+--------+--------+-----+--------+

Top non-repeatable levels by time:
     D:3: 484 daAuts
     D:2: 198 daAuts
     D:1: 194 daAuts
     D:4: 35 daAuts
